 Dungeon Crawl Stone Soup version 0.28.0 (webtiles) character file.

Game seed: 8547175426276156721

8208 Hasart the Cleaver (level 10, -4/84 HPs)
             Began as a Demigod Fighter on Feb 17, 2022.
             Constricted to death by Jorgrun (16 damage)
             ... on level 9 of the Dungeon.
             The game lasted 00:22:56 (14509 turns).

Hasart the Cleaver (Demigod Fighter)               Turns: 14509, Time: 00:22:57

Health: -4/84      AC: 21    Str: 29    XL:     10   Next: 79%
Magic:  13/13      EV: 10    Int: 10    God:
Gold:   557        SH: 10    Dex: 13    Spells: 9/9 levels left

rFire   x . .      SeeInvis .   E - +3 hand axe (venom)
rCold   + . .      Faith    .   c - +0 buckler
rNeg    . . .      Spirit   .   F - +5 ring mail {rPois}
rPois   +          Reflect  +   s - +1 helmet
rElec   .          Harm     .   G - +2 cloak {Will+}
rCorr   .          Rampage  .   D - +0 pair of gloves
Will    ++...                   u - +2 pair of boots {Fly}
Stlth   +.........              n - amulet of reflection
HPRegen 0.24/turn               f - ring of flight
MPRegen 0.13/turn               J - ring of ice

@: grasped by roots, flying, constricted, studying Translocations
A: high MP 1, forlorn, divine attributes
a: no special abilities


You were on level 9 of the Dungeon.
You visited 3 branches of the dungeon, and saw 12 of its levels.
You also visited: Sewer.

You collected 557 gold pieces.

Inventory:

Hand Weapons
 a - a +0 war axe
 E - a +3 hand axe of venom (weapon)
Missiles
 k - a boomerang
 o - 42 poisoned darts (quivered)
Armour
 c - a +0 buckler (worn)
 s - a +1 helmet (worn)
 u - a +2 pair of boots of flying (worn)
 D - a +0 pair of gloves (worn)
 F - a +5 ring mail of poison resistance (worn)
 G - a +2 cloak of willpower (worn)
Jewellery
 f - a ring of flight (left hand)
 n - an amulet of reflection (around neck)
 t - a ring of fire
 J - a ring of ice (right hand)
 L - a ring of ice
Wands
 g - a wand of iceblast (13)
 l - a wand of acid (3)
 v - a wand of paralysis (14)
 w - a wand of digging (5)
 B - a wand of flame (23)
Scrolls
 e - a scroll of summoning
 h - a scroll of identify
 j - a scroll of fear
 m - 3 scrolls of enchant weapon
 r - a scroll of amnesia
 y - 2 scrolls of fog
Potions
 b - 4 potions of flight
 d - 2 potions of might
 i - 7 potions of heal wounds
 p - 4 potions of haste
 q - 2 potions of lignification
 x - a potion of curing
 z - 3 potions of degeneration
 A - a potion of attraction
 C - 2 potions of resistance
 I - a potion of berserk rage {unknown}
Miscellaneous
 H - a phantom mirror
 K - a lightning rod (3/4)


   Skills:
 + Level 6.4 Fighting
 * Level 8.3 Axes
 + Level 4.9 Throwing
 + Level 6.3 Armour
 + Level 5.4 Dodging
 + Level 6.4 Shields
 + Level 4.8 Evocations


You had 9 spell levels left.
You didn't know any spells.
Your spell library contained the following spells:

 Spells                   Type           Power      Damage    Failure   Level
 Shock                    Conj/Air       0%         1d3       56%         1
 Call Canine Familiar     Summ           0%         N/A       90%         3
 Confusing Touch          Hex            0%         N/A       90%         3
 Conjure Flame            Conj/Fire      0%         6-21      90%         3
 Ignite Poison            Fire/Tmut/Pois 0%         N/A       90%         3
 Portal Projectile        Hex/Tloc       0%         N/A       90%         3
 Swiftness                Air            0%         N/A       90%         3
 Airstrike                Air            0%         N/A       100%        4
 Leda's Liquefaction      Hex/Erth       0%         N/A       100%        4
 Sticky Flame             Conj/Fire      0%         2d3       100%        4
 Yara's Violent Unravell  Hex/Tmut       0%         3d3       100%        5
 Enfeeble                 Hex            0%         N/A       100%        7


Dungeon Overview and Level Annotations

Branches:
Dungeon (10/15)            Temple (0/1) D:6            Lair (1/6) D:9
    Orc (1/2) D:9           Sewer (visited)

Shops:
D:5 [   D:6 (

Annotations:
D:5 3 runed translucent doors, Anon1729's ghost, amateur OpTm
D:9 3 runed translucent doors, Jorgrun; mandor's ghost, novice VSTm


Innate Abilities, Weirdness & Mutations

You have an increased reservoir of magic. (+10% MP)
You shall have no god before yourself.
Your divine heritage dramatically boosts your attributes as you level up.


Message History

Unknown command.
Unknown command.
You miss Jorgrun.
Jorgrun is moderately wounded.
Jorgrun hits you with a staff of earth.
Your limbs are stiffening.
Unknown command.
You hit Jorgrun.
Jorgrun looks as sick as possible!
Jorgrun is moderately wounded.
Jorgrun closely misses you.
You have turned to stone.
Jorgrun hits you with a staff of earth. Jorgrun shatters you!
Jorgrun hits you but does no damage.
Jorgrun points at you and mumbles some strange words.
Roots burst forth from the earth!
The grasping roots grab you! The grasping roots constrict you!
Jorgrun hits you with a staff of earth. The grasping roots constrict you.
Jorgrun points at you and mumbles some strange words.
The iron shot hits you!!! The grasping roots constrict you!
Jorgrun hits you but does no damage. Jorgrun shatters you!!
* * * LOW HITPOINT WARNING * * *
The grasping roots constrict you!
* * * LOW HITPOINT WARNING * * *
Jorgrun casts a spell at you. The iron shot hits you!!
* * * LOW HITPOINT WARNING * * *
The grasping roots constrict you.
* * * LOW HITPOINT WARNING * * *
Jorgrun hits you but does no damage. The grasping roots constrict you.
Jorgrun hits you with a staff of earth.
* * * LOW HITPOINT WARNING * * *
The grasping roots constrict you.
* * * LOW HITPOINT WARNING * * *
You turn to flesh and can move again.
Unknown command.
You feel much better.
Jorgrun points at you and mumbles some strange words.
The iron shot hits you!!
* * * LOW HITPOINT WARNING * * *
The grasping roots constrict you!
You die...

############..#..## #..≈≈≈≈≈≈
####...#### #...≈≈≈≈≈ #....8....#
#...≈.≈.≈
############.........####..≈≈≈..≈
...........#)........#.....≈.....
...........#......[..###[........
#.########.................######
#.# #..)[.g.......##### #.#
#..8..)@(..8..# #.#
##....)......## #.# #...........#
#.##########.........############
...........#.........#...........
...........#.........#...........
############....8....#...........
####...##########..... #....##
#.....


You could see Jorgrun (very poisoned).

Vanquished Creatures
  Fannar (D:9)
  2 boulder beetles
  Maurice (D:9)
  A cane toad (Lair:1)
  A troll (D:9)
  2 shadows (D:9)
  4 wyverns
  3 steam dragons
  2 water moccasins
  Duvessa (D:5)
  2 sky beasts
  2 orc warriors
  4 ogres
  3 wolves (D:9)
  3 necrophages
  2 centaurs
  2 phantoms
  4 kobold brigands
  4 bullfrogs
  A wyvern zombie (D:7)
  2 scorpions
  Dowan (D:5)
  3 troll zombies (D:9)
  A water moccasin skeleton (D:4)
  3 wights (D:8)
  An electric eel (D:9)
  2 centaur zombies
  2 centaur skeletons (D:7)
  3 hounds (D:9)
  4 jellies
  Crazy Yiuf (D:6)
  4 orc priests
  A bullfrog skeleton (D:7)
  3 iguanas
  3 gnoll shamans
  5 orc wizards
  2 killer bee zombies
  5 ogre zombies (D:9)
  A hound zombie (D:5)
  A hound skeleton (D:4)
  A howler monkey zombie (D:6)
  Robin (D:3)
  18 gnolls
  A howler monkey skeleton (D:6)
  3 adders
  A shadow imp (D:6)
  3 white imps
  An ufetubus (D:5)
  3 worms
  7 dart slugs
  29 orcs
  10 bats
  9 endoplasms
  13 giant cockroaches
  16 goblins
  5 hobgoblins
  5 jackals
  24 kobolds
  5 quokkas
  5 ball pythons
  6 frilled lizards
  2 goblin skeletons (D:9)
  A goblin zombie (D:9)
  2 hobgoblin skeletons (D:9)
  4 hobgoblin zombies (D:9)
  16 orc zombies (D:9)
  A quokka skeleton (D:4)
  14 rats
299 creatures vanquished.

Vanquished Creatures (others)
  6 plants
6 creatures vanquished.

Grand Total: 305 creatures vanquished

Notes
Turn   | Place    | Note
-------+----------+-------------------------------------------
     0 | D:1      | Hasart the Demigod Fighter began the quest for the Orb.
     0 | D:1      | Reached XP level 1. HP: 18/18 MP: 3/3
   161 | D:1      | Reached skill level 2 in Axes
   411 | D:1      | Reached XP level 2. HP: 25/25 MP: 4/4
  1265 | D:2      | Reached XP level 3. HP: 31/31 MP: 5/5
  1459 | D:1      | Reached skill level 1 in Dodging
  1643 | D:1      | Reached XP level 4. HP: 36/38 MP: 6/6
  2159 | D:2      | Noticed a necrophage
  2168 | D:2      | Killed a necrophage
  2169 | D:2      | Reached skill level 3 in Axes
  2169 | D:2      | Reached XP level 5. HP: 27/45 MP: 7/7
  3197 | D:3      | Noticed a sky beast
  3201 | D:3      | Noticed Robin
  3216 | D:3      | HP: 2/45 [goblin[Robin] (3)]
  3716 | D:3      | Killed a sky beast
  3717 | D:3      | Reached XP level 6. HP: 35/51 MP: 8/8
  3850 | D:3      | Killed Robin
  4804 | D:4      | Reached skill level 4 in Axes
  4804 | D:4      | Reached skill level 1 in Throwing
  5405 | D:5      | Entered Level 5 of the Dungeon
  5417 | D:5      | Reached XP level 7. HP: 49/58 MP: 9/9
  5567 | D:5      | Reached skill level 1 in Evocations
  5719 | D:5      | Found Ullos's Armour Shop.
  5902 | D:5      | Found a runed translucent gate.
  5903 | D:5      | Found a runed translucent gate.
  5905 | D:5      | Found a runed translucent gate.
  5905 | D:5      | Noticed a wraith
  5906 | D:5      | Noticed Anon1729's ghost (amateur OpTm)
  6617 | D:5      | Noticed Dowan
  6620 | D:5      | Noticed Duvessa
  6630 | D:5      | Killed Dowan
  6648 | D:5      | HP: 1/59 [Duvessa (8)]
  6649 | D:5      | Killed Duvessa
  6650 | D:5      | Reached skill level 5 in Axes
  6650 | D:5      | Reached XP level 8. HP: 8/67 MP: 10/10
  7115 | D:6      | Found a glowing drain.
  7132 | Sewer    | Entered a sewer
  7741 | D:6      | Found a runed translucent door.
  7742 | D:6      | Noticed Crazy Yiuf
  7755 | D:6      | Killed Crazy Yiuf
  8040 | D:6      | Found a staircase to the Ecumenical Temple.
  8081 | D:6      | Found Siabloaw's Hydra Hut.
  8102 | D:6      | Noticed a seven-headed hydra
  8922 | D:7      | Reached skill level 6 in Axes
  9027 | D:7      | Reached skill level 5 in Armour
  9027 | D:7      | Reached skill level 5 in Shields
  9034 | D:7      | Reached XP level 9. HP: 53/73 MP: 11/11
  9086 | D:7      | Reached skill level 5 in Fighting
  9122 | D:7      | Noticed a boulder beetle
  9144 | D:7      | Killed a boulder beetle
 10581 | D:8      | Identified the +6 hunting sling "Giant's Nightmare" {flame,
                  | rN++ Str+3 Int-5 Dex-4}
 10648 | D:8      | Noticed an orb spider
 10950 | D:8      | Noticed a water nymph
 11067 | D:8      | Noticed a cyclops
 11244 | D:9      | Reached skill level 7 in Axes
 11960 | D:9      | Noticed Maurice
 11998 | D:8      | Reached XP level 10. HP: 83/83 MP: 13/13
 12325 | D:9      | Found a staircase to the Lair.
 12418 | D:9      | Found a staircase to the Orcish Mines.
 13257 | D:9      | Killed Maurice
 13258 | D:9      | Reached skill level 5 in Dodging
 13445 | D:9      | Found a runed translucent gate.
 13445 | D:9      | Found a runed translucent gate.
 13446 | D:9      | Found a runed translucent gate.
 13470 | D:9      | Reached skill level 8 in Axes
 13486 | D:9      | Noticed mandor's ghost (novice VSTm)
 13711 | D:10     | Entered Level 10 of the Dungeon
 13739 | Lair:1   | Entered Level 1 of the Lair of Beasts
 13748 | Lair:1   | Noticed a boulder beetle
 13765 | Lair:1   | Killed a boulder beetle
 13787 | Lair:1   | Noticed a black mamba
 14112 | Orc:1    | Entered Level 1 of the Orcish Mines
 14112 | Orc:1    | Noticed Fannar
 14112 | Orc:1    | Noticed an orc knight
 14147 | D:9      | Killed Fannar
 14324 | Orc:1    | Noticed Jorgrun
 14489 | Orc:1    | Noticed an orc sorcerer
 14508 | D:9      | HP: 4/84 [constriction (1)]
 14509 | D:9      | Constricted to death by Jorgrun

Illustrated notes

Levels and vault maps discovered:
D:1:      minmay_arrival_semitransparent, layout_basic, serial_co_window_serial,
          co_window_corner_a, co_window_paths_a, co_window_corner_a,
          co_window_corner_a, co_window_paths_a, co_window_2corner,
          co_window_corner_b, co_window_2corner, co_window_paths_c,
          co_window_cross_2, co_window_4corner_a, co_window_4corner_b,
          glass_columns_b, hellmonk_ecumenical_altar_run_dry,
          serial_bayou_lagoon_a, minmay_misc_feat_more_columns
D:2:      layout_basic, nrook_loot_triangle, minmay_pentomino_w4
D:3:      mumra_celtic_spiral_tile, layout_basic, uniq_robin
D:4:      layout_gridville, minmay_liquid_box
D:5:      layout_basic, gammafunk_ghost_split, serial_shops, kennysheep_mini,
          uniq_duvessa
D:6:      minmay_spotlight, layout_loops_corners, minmay_temple_entry_arrows,
          cheibrodos_sewer_entry_drain, doesnt_shop_hydraphobe,
          uniq_crazy_yiuf_cottage
D:7:      nicolae_cairo_tiling_large, layout_cave_pools,
          nicolae_overflow_hallway_of_the_gods, nemelex_dance_club_becter
D:8:      layout_layer_cave, fiery_altar_vehumet, xom_shifter_show,
          hangedman_decor_clover_reticule
D:9:      layout_long_grid, erik_lair_island, zombieorc2_lemuel,
          gammafunk_ghost_ooze, uniq_maurice
D:10:     minmay_bloctagon_deflated, layout_gridville, chequers_big_river,
          fungi_pond_lemuel
Lair:1:   dreamdust_labyrinth, layout_misc_corridors,
          nzn_masters_of_martial_movement, infiniplex_staircase_pool,
          grunt_megastairs_1
Orc:1:    layout_diamond_mine, gammafunk_ghost_berserking_beasts, basic_altar,
          uniq_jorgrun, uniq_fannar

Skill      XL: |  1  2  3  4  5  6  7  8  9 10 |
---------------+-------------------------------+-----
Axes           | 2 3 4 5 6 7 8 |  8.3
Fighting       | 3 4 5 6 |  6.4
Shields        | 3 4 5 6 |  6.4
Armour         | 3 4 5 6 |  6.3
Dodging        | 1 2 3 4 5 |  5.4
Throwing       | 1 2 3 4 |  4.9
Evocations     | 1 2 4 |  4.8

Action                   |  1- 3 |  4- 6 |  7- 9 | 10-12 || total
-------------------------+-------+-------+-------+-------++-------
Melee: War axe           |    93 |   219 |    81 |       ||   393
       Hand axe          |       |       |   375 |   296 ||   671
Throw: Dart              |       |     4 |    12 |    18 ||    34
       Boomerang         |       |       |     4 |     1 ||     5
Evoke: Lightning rod     |       |       |       |     1 ||     1
  Use: Potion            |       |     2 |     3 |     2 ||     7
       Scroll            |       |       |    19 |       ||    19
Armor: Scale mail        |    53 |    93 |    35 |       ||   181
       Ring mail         |       |       |   118 |   122 ||   240
Dodge: Dodged            |    57 |    61 |   188 |   110 ||   416
Block: Buckler           |    20 |    99 |   247 |   121 ||   487
       Reflection        |       |     2 |     8 |     1 ||    11
